 Dungeon Crawl Stone Soup version 0.20.1-1-g8b1a95d (webtiles) character file.

249 Ymberti the Firebug (level 5, -4/28 HPs)
             Began as a Deep Elf Fire Elementalist on Sept 16, 2017.
             Blown up by Ijyb (18 damage)
             ... with a wand of disintegration (?/24)
             ... on level 4 of the Dungeon.
             The game lasted 00:17:35 (2950 turns).

Ymberti the Firebug (Deep Elf Fire Elementalist)    Turns: 2950, Time: 00:17:36

Health: -4/28      AC:  9    Str:  9    XL:     5   Next: 87%
Magic:  13/14      EV: 13    Int: 21    God:
Gold:   204        SH:  0    Dex: 15    Spells: 2/13 levels left

rFire    . . .     SeeInvis .   l - +4 quarterstaff (chaos)
rCold    . . .     Gourm    .   (shield currently unavailable)
rNeg     . . .     Faith    .   g - +0 robe
rPois    .         Spirit   .   j - +0 helmet
rElec    .         Reflect  .   m - +0 cloak (curse)
rCorr    .         Harm     .   q - +1 pair of gloves
MR       +....                  s - +2 pair of boots {Stlth+}
Stlth    ++++......             (no amulet)
Regen    0.1/turn               f - +4 ring of strength
MPRegen  0.2/turn               r - ring of protection from magic

@: no status effects
A: no striking features
a: no special abilities


You were on level 4 of the Dungeon.
You were not hungry.

You visited 1 branch of the dungeon, and saw 4 of its levels.

You collected 204 gold pieces.

Inventory:

Hand Weapons
 i - a +1 dagger of draining
 l - a +4 quarterstaff of chaos (weapon)
Armour
 g - a +0 robe (worn)
 j - a +0 helmet (worn)
 m - a cursed +0 cloak (worn)
 q - a +1 pair of gloves (worn)
 s - a +2 pair of boots of stealth (worn)
Jewellery
 a - an uncursed ring of flight
 f - a +4 ring of strength (left hand)
 r - a ring of protection from magic (right hand)
Scrolls
 t - 2 scrolls of teleportation
Potions
 d - a potion of mutation {unknown}
 e - a potion of heal wounds {unknown}
 k - a potion of haste {unknown}
 n - a potion of degeneration {unknown}
 p - a potion of berserk rage {unknown}
Books
 b - a book of Flames

   Spells                             Type                      Level
   a - Flame Tongue                   Conjuration/Fire             1
   b - Throw Flame                    Conjuration/Fire             2
   c - Conjure Flame                  Conjuration/Fire             3
   d - Inner Flame                    Hexes/Fire                   3
   e - Sticky Flame                   Conjuration/Fire             4
   f - Fireball                       Conjuration/Fire             5
Comestibles
 c - 3 bread rations
 h - 5 meat rations


   Skills:
 + Level 0.2 Fighting
 + Level 1.5 Staves
 + Level 3.0 Dodging
 + Level 3.7 Stealth
   Level 0.1 Shields
 + Level 4.6 Spellcasting
 + Level 2.6 Conjurations
 + Level 4.7 Fire Magic


You had 2 spell levels left.
You knew the following spells:

 Your Spells              Type           Power        Failure   Level  Hunger
a - Flame Tongue          Conj/Fire      ###..        2%          1    None
b - Throw Flame           Conj/Fire      ###...       3%          2    #......
c - Conjure Flame         Conj/Fire      ###.....     8%          3    ##.....
d - Fireball              Conj/Fire      ###.......   56%         5    ######.


Dungeon Overview and Level Annotations

Branches:
Dungeon (4/15)             Temple (0/1) D:4

Altars:

Annotations:
D:4 Ijyb


Message History

You closely miss Ijyb.
Ijyb zaps a wand.
You resist with some effort.
Press: ? - help, v - describe, . - travel
Here: Ijyb, wearing a leather armour and carrying a wand of disintegration (?/24) {zapped: 2} The floor.
Casting: Flame Tongue
Confirm with . or Enter, or press ? or * to list all spells.
Aiming: Flame Tongue
Press: ? - help, Shift-Dir - straight line, f - Ijyb
Aim: Ijyb, wearing a leather armour and carrying a wand of disintegration (?/24) {zapped: 2} The flame tongue hits Ijyb.
Ijyb is moderately wounded.
Ijyb barely misses you.
You hit Ijyb.
Ijyb is heavily wounded.
Ijyb zaps a wand.
You resist with some effort. Ijyb misses you.
You closely miss Ijyb.
Ijyb is heavily wounded.
Ijyb zaps a wand.
You are blasted!
Ouch! That really hurt!
You die...

,,,,,* #...#
,,,*,* #.###
,,,,,** #.#
,*,*,,* #.#
,,,,,,* #.#
,****,* #.# ,* *,*
#.# ,*
*,***#######.#
,****,,,,..!...g@#
,,,,,,,,,.########
***********


You could see Ijyb.

Vanquished Creatures
  An ice beast (D:4)
  Crazy Yiuf (D:2)
  Terence (D:2)
  A worker ant (D:4)
  Robin (D:4)
  2 oozes
  2 worms
  2 leopard geckos (D:2)
  2 orcs (D:3)
  3 giant cockroaches
  12 goblins
  5 hobgoblins
  4 jackals
  3 quokkas
  3 bats
  3 frilled lizards (D:2)
  6 kobolds
  5 rats
  2 fungi (D:2)
59 creatures vanquished.

Notes
Turn   | Place    | Note
-------+----------+-------------------------------------------
     0 | D:1      | Ymberti the Deep Elf Fire Elementalist began the quest for the Orb.
     0 | D:1      | Reached XP level 1. HP: 10/10 MP: 6/6
   378 | D:1      | Reached XP level 2. HP: 2/15 MP: 2/8
  1078 | D:2      | Learned a level 2 spell: Throw Flame
  1202 | D:2      | Reached XP level 3. HP: 19/19 MP: 6/9
  1410 | D:2      | Found a runed door.
  1414 | D:2      | Noticed Crazy Yiuf
  1422 | D:2      | Killed Crazy Yiuf
  1635 | D:2      | Reached XP level 4. HP: 5/24 MP: 8/11
  1665 | D:2      | Noticed Terence
  1724 | D:2      | Killed Terence
  1778 | D:2      | Learned a level 3 spell: Conjure Flame
  2445 | D:4      | Reached skill level 1 in Staves
  2519 | D:4      | Noticed Robin
  2524 | D:4      | Reached XP level 5. HP: 28/28 MP: 11/13
  2540 | D:4      | Killed Robin
  2808 | D:4      | Learned a level 5 spell: Fireball
  2814 | D:4      | Noticed an ice beast
  2821 | D:4      | Killed an ice beast
  2945 | D:4      | Noticed Ijyb
  2950 | D:4      | Blown up by Ijyb

Skill      XL: |  1  2  3  4  5 |
---------------+----------------+-----
Fire Magic     | 4 |  4.7
Stealth        | 3 |  3.7
Spellcasting   | 4 |  4.6
Conjurations   | 2 |  2.6
Staves         | 1 |  1.5
Dodging        | 3 |  3.0
Fighting       | |  0.2
Shields        | |  0.1

Action                   |  1- 3 |  4- 6 || total
-------------------------+-------+-------++-------
Melee: Unarmed           |    18 |       ||    18
       Dagger            |   104 |       ||   104
       Quarterstaff      |     9 |    29 ||    38
 Cast: Flame Tongue      |    43 |    32 ||    75
       Throw Flame       |     1 |    10 ||    11
       Conjure Flame     |       |     1 ||     1
  Use: Scroll            |     1 |     4 ||     5
       Potion            |       |     1 ||     1
 Stab: Sleeping          |     3 |     3 ||     6
  Eat: Royal jelly       |     1 |     2 ||     3
       Fruit             |       |     4 ||     4
Armor: Robe              |    14 |     9 ||    23
Dodge: Dodged            |    20 |    29 ||    49
Block: Shield            |    14 |       ||    14
